 Dungeon Crawl Stone Soup version 0.23.2-11-gf996548 (webtiles) character file.

Game seed: 16693729309204656365

609 Fang the Skirmisher (level 7, -8/66 HPs)
             Began as a Gargoyle Berserker on June 4, 2019.
             Was a Priest of Trog.
             Mangled by an ogre
             ... wielding a +0 giant spiked club
              (15 damage)
             ... on level 5 of the Dungeon.
             The game lasted 00:03:59 (3907 turns).

Fang the Skirmisher (Gargoyle Berserker)            Turns: 3907, Time: 00:04:00

Health: -8/66      AC: 14    Str: 28    XL:     7   Next: 43%
Magic:  16/16      EV: 10    Int:  7    God:    Trog [***...]
Gold:   160        SH:  0    Dex:  9    Spells: 6/6 levels left

rFire    . . .     SeeInvis .   a - +0 hand axe
rCold    . . .     Gourm    .   (no shield)
rNeg     + . .     Faith    .   b - +0 chain mail
rPois    ∞         Spirit   .   (no helmet)
rElec    +         Reflect  .   (no cloak)
rCorr    .         Harm     .   (no gloves)
MR       ++...                  (no boots)
Stlth    ..........             (no amulet)
HPRegen  1.21/turn              h - ring of magical power
MPRegen  0.15/turn              (no ring)

@: berserking, regenerating, slowed
A: negative energy resistance 1, electricity resistance, unbreathing,
petrification resistance, rot immunity, AC +4
a: Berserk, Trog's Hand, Renounce Religion


You were on level 5 of the Dungeon.
You worshipped Trog.
Trog was most pleased with you.
You were not hungry.

You visited 1 branch of the dungeon, and saw 5 of its levels.

You collected 160 gold pieces.

Inventory:

Hand Weapons
 a - a +0 hand axe (weapon)
Armour
 b - a +0 chain mail (worn)
Jewellery
 h - a ring of magical power (left hand)
Scrolls
 e - a scroll of fog {unknown}
 f - a scroll of immolation {unknown}
 g - 4 scrolls of identify {unknown}
 j - a scroll of remove curse {unknown}
 k - 2 scrolls of amnesia {unknown}
 o - a scroll of fear {unknown}
 s - a scroll of enchant armour {unknown}
 v - 2 scrolls of enchant weapon {unknown}
Potions
 d - 2 potions of magic {unknown}
 i - 2 potions of curing {unknown}
 l - a potion of agility {unknown}
 m - a potion of lignification {unknown}
 n - 4 potions of heal wounds {unknown}
 p - a potion of flight {unknown}
 q - 2 potions of berserk rage {unknown}
 r - a potion of haste {unknown}
 t - a potion of mutation {unknown}
 u - a potion of cancellation {unknown}
Comestibles
 c - 8 rations


   Skills:
 + Level 5.3 Fighting
 + Level 4.4 Axes
 + Level 4.6 Armour
 + Level 3.5 Dodging


You had 6 spell levels left.
You didn't know any spells.
Your spell library was empty.

Dungeon Overview and Level Annotations

Branches:
Dungeon (5/15)
 Temple: D:4-7

Altars:
Dithmenos
Elyvilon
Hepliaklqana
Uskayaw
Yredelemnul
Zin


Innate Abilities, Weirdness & Mutations

You are resistant to torment.
Your stone body is resilient. (AC +4)
You are immune to poison.
You resist negative energy. (rN+)
You are resistant to electric shocks. (rElec)
You can survive without breathing.
You are immune to petrification.
You are immune to rotting.


Message History

You slice the crimson imp!!
You kill the crimson imp!
Trog accepts your kill.
You slash the orc priest!
You kill the orc priest!
Trog accepts your kill.
You feel the effects of Trog's Hand fading.
You slash the ogre!
The ogre is moderately wounded.
You hit the orc wizard. The orc wizard closely misses you.
The ogre hits you with a +0 giant spiked club!
* * * LOW HITPOINT WARNING * * *
You slash the ogre!
The ogre is almost dead.
You slash the orc wizard!
You kill the orc wizard!
Trog accepts your kill.
Trog appreciates your killing of a magic user.
The ogre hits you with a +0 giant spiked club!
You die...

#........
#........
##........
#.........
#.........
##.........
##..........
##O).......##
#.@###.......
#.## ##.....
#.# ###..
#.## . ##.#
.. #.# ##..
#.#####....
##..(.......
##.#........


You could see an ogre.

Vanquished Creatures
  Menkaure (D:4)
  An ogre (D:4)
  A big kobold (D:4)
  A howler monkey (D:4)
  A crimson imp (D:5)
  2 orc priests
  Terence (D:2)
  2 orc wizards (D:5)
  An adder (D:3)
  2 oozes
  An adder skeleton (D:4)
  2 worms
  A dart slug (D:1)
  3 leopard geckos
  3 orcs (D:4)
  9 bats
  4 giant cockroaches
  7 goblins
  4 hobgoblins
  7 jackals (D:2)
  27 kobolds
  2 quokkas
  5 frilled lizards
  A leopard gecko skeleton (D:4)
  8 rats
97 creatures vanquished.

Vanquished Creatures (others)
  A plant (D:4)
1 creature vanquished.

Grand Total: 98 creatures vanquished

Notes
Turn   | Place    | Note
-------+----------+-------------------------------------------
     0 | D:1      | Fang the Gargoyle Berserker began the quest for the Orb.
     0 | D:1      | Reached XP level 1. HP: 14/14 MP: 1/1
    74 | D:1      | Reached XP level 2. HP: 6/19 MP: 2/2
   836 | D:2      | Reached XP level 3. HP: 19/23 MP: 3/3
   848 | D:2      | Found a basalt altar of Yredelemnul.
   874 | D:2      | Reached ** piety under Trog
  1433 | D:2      | Noticed Terence
  1443 | D:2      | Killed Terence
  1443 | D:2      | Reached XP level 4. HP: 28/29 MP: 4/4
  1762 | D:3      | Reached skill level 4 in Fighting
  2351 | D:4      | Reached XP level 5. HP: 33/33 MP: 5/5
  2368 | D:4      | Noticed an ogre
  2376 | D:4      | Killed an ogre
  2603 | D:4      | Reached *** piety under Trog
  2609 | D:4      | Noticed a big kobold
  2622 | D:4      | Killed a big kobold
  2622 | D:4      | Reached XP level 6. HP: 29/39 MP: 6/6
  2909 | D:4      | Noticed Menkaure
  2920 | D:4      | Killed Menkaure
  2920 | D:4      | Reached skill level 5 in Fighting
  3164 | D:4      | Reached XP level 7. HP: 23/44 MP: 7/7
  3389 | D:4      | Found a hazy altar of Hepliaklqana.
  3481 | D:4      | Found a glowing silver altar of Zin.
  3481 | D:4      | Found a white marble altar of Elyvilon.
  3482 | D:4      | Found a hide-covered altar of Uskayaw.
  3504 | D:4      | Found a shadowy altar of Dithmenos.
  3870 | D:5      | Entered Level 5 of the Dungeon
  3907 | D:5      | Mangled by an ogre

Skill      XL: |  1  2  3  4  5  6 |
---------------+-------------------+-----
Axes           | 3 4 |  4.4
Dodging        | 2 3 |  3.5
Armour         | 3 4 |  4.6
Fighting       | 4 5 |  5.3

Action                   |  1- 3 |  4- 6 |  7- 9 || total
-------------------------+-------+-------+-------++-------
Melee: Hand axe          |   117 |   208 |    12 ||   337
Invok: Berserk           |     1 |     3 |     1 ||     5
       Trog's Hand       |       |       |     1 ||     1
  Eat: Chunk             |     2 |     8 |     2 ||    12
       Ration            |       |       |     1 ||     1
Armor: Animal skin       |    40 |    81 |       ||   121
       Chain mail        |       |       |     9 ||     9
Dodge: Dodged            |   113 |   124 |    13 ||   250
